 Dungeon Crawl Stone Soup version 0.29.0-4-gdea44cf6ec (webtiles) character file.

Game seed: 13410445635686459250

40 qw the Chopper (level 3, -1/21 HPs)
             Began as a Tengu Warper on Aug 28, 2022.
             Slain by a worm (7 damage)
             ... on level 2 of the Dungeon.
             The game lasted 00:00:06 (1691 turns).

qw the Chopper (Tengu Warper)                       Turns: 1691, Time: 00:00:07

Health: -1/21      AC:  3    Str: 13    XL:     3   Next: 50%
Magic:  7/7        EV: 12    Int: 13    God:
Gold:   65         SH:  0    Dex: 13    Spells: 6/6 levels left

rFire   . . .      SeeInvis .   Y - +0 hand axe
rCold   + . .      Faith    .   (no shield)
rNeg    . . .      Spirit   .   b - +0 leather armour
rPois   .          Reflect  .   (helmet restricted)
rElec   .          Harm     .   (no cloak)
rCorr   .          Rampage  .   (no gloves)
Will    .....                   (boots unavailable)
Stlth   +.........              (no amulet)
HPRegen 0.07/turn               g - ring of protection from cold
MPRegen 0.10/turn               (no ring)

@: lethally poisoned (-1 -> -3)
A: beak, talons 3
a: no special abilities


You were on level 2 of the Dungeon.
You visited 1 branch of the dungeon, and saw 2 of its levels.

You collected 65 gold pieces.


Innate Abilities, Weirdness & Mutations

You have a beak for a mouth.
You have claws for feet.


   Skills:
 - Level 2.0 Fighting
 + Level 4.2 Axes
 - Level 1.0 Throwing
 - Level 1.1 Armour
 - Level 2.1 Dodging
 - Level 2.0 Spellcasting
 - Level 2.4 Translocations


You had 6 spell levels left.
You didn't know any spells.
Your spell library contained the following spells:

 Spells                   Type           Power      Damage    Failure   Level
 Blink                    Tloc           14%        N/A       19%         2
 Gell's Gravitas          Tloc           7%         N/A       36%         3
 Lesser Beckoning         Tloc           7%         N/A       36%         3
 Teleport Other           Tloc           7%         N/A       36%         3
 Manifold Assault         Tloc           7%         N/A       98%         5

Inventory:

Hand Weapons
 j - a +0 mace
 Y - a +0 hand axe (weapon)
Armour
 b - a +0 leather armour (worn)
Jewellery
 g - a ring of protection from cold (left hand)
Potions
 h - a potion of berserk rage {unknown}

Dungeon Overview and Level Annotations

Branches:
Dungeon (2/15)

Altars:


Message History

The kobold hits you with a +0 dagger.
You hit the kobold.
You kill the kobold!
You start resting.
A ball python comes into view.
The ball python hisses angrily.
You closely miss the ball python. You claw the ball python.
You kill the ball python!
Your Axes skill increases to level 4!
You start resting.
HP restored.
Things that are here:
a +0 dagger; 2 stones; a kobold corpse
Found a stone staircase leading down.
There is a stone staircase leading down here.
An adder comes into view.
A worm comes into view.
The adder barely misses you.
You barely miss the adder. The adder barely misses you.
You barely miss the adder. Your kick misses the adder. You peck the adder.
The adder is moderately wounded.
The adder bites you. The adder barely misses you.
You hit the adder. Your peck misses the adder.
The adder is moderately wounded.
The adder bites you.
You are poisoned.
The adder poisons you!
You slash the adder!
You kill the adder!
You feel sick.
You hit the worm. You peck the worm.
The worm is moderately wounded.
You feel sick.
You hit the worm.
The worm is moderately wounded.
You feel sick. The worm bites you.
You hit the worm.
The worm is moderately wounded.
You feel sick. The worm bites you!
You die...

#### ....# #....#
#....# ##....#
##############.....#
...................#
.......@..>........#
......w.#####......#
........# #......#
........#####..#####
.....####....).#
..... #..####.# ....
# ####%###..# ....
##........#
##..##.###.#


You could see a worm.

Vanquished Creatures
  2 adders (D:2)
  A ball python (D:2)
  2 endoplasms (D:1)
  A giant cockroach (D:1)
  A goblin (D:1)
  2 hobgoblins (D:1)
  3 kobolds
  3 quokkas (D:1)
  2 bats (D:1)
  2 frilled lizards (D:1)
  A rat (D:1)
20 creatures vanquished.

Notes
Turn   | Place    | Note
-------+----------+-------------------------------------------
     0 | D:1      | qw the Tengu Warper began the quest for the Orb.
     0 | D:1      | Reached XP level 1. HP: 12/12 MP: 4/4
     0 | D:1      | 0 ||| qw: Version: 0.1-a-89-g26bdef1
     0 | D:1      | 0 ||| qw: Game counter: 1687
     0 | D:1      | 0 ||| qw: Always use a shield: true
     0 | D:1      | 0 ||| qw: God list: Okawaru
     0 | D:1      | 0 ||| qw: Allow faded altars: false
     0 | D:1      | 0 ||| qw: Do Orc after D:15 true
     0 | D:1      | 0 ||| qw: Do second Lair branch before Depths: true
     0 | D:1      | 0 ||| qw: Lair rune preference: random
     0 | D:1      | 0 ||| qw: Plans: Normal
     0 | D:1      | 0 ||| PLANNING D:1-11
   381 | D:1      | Found a faded altar of an unknown god.
   392 | D:1      | Reached XP level 2. HP: 17/17 MP: 6/6
   595 | D:1      | Reached skill level 3 in Axes
   847 | D:1      | 847 ||| Stepping ~*~*~tactically~*~*~ (stealth).
   848 | D:1      | 848 ||| DROPPING +0 club.
   852 | D:1      | 852 ||| Stepping ~*~*~tactically~*~*~ (stealth).
  1340 | D:1      | 1340 ||| DROPPING ring of magical power.
  1341 | D:1      | 1341 ||| UPGRADING to ring of protection from cold.
  1342 | D:1      | 1342 ||| READING scroll labelled WARGHI RAIBOCW.
  1345 | D:1      | 1345 ||| READING scroll labelled ERA ODODADDE.
  1346 | D:1      | 1346 ||| DROPPING scroll of blinking.
  1389 | D:2      | Reached XP level 3. HP: 11/21 MP: 7/7
  1389 | D:2      | 1389 ||| STAIRDANCE
  1650 | D:2      | Reached skill level 4 in Axes
  1691 | D:2      | Slain by a worm

Levels and vault maps discovered:
D:1:      lordsloth_arrival_two_stooges, layout_basic, basic_ecumenical_altar,
          item_on_display_a
D:2:      layout_rooms, basic_altar, uniq_jessica

Skill      XL: |  1  2  3 |
---------------+----------+-----
Axes           | 3 4 |  4.2
Fighting       | |  2.0
Throwing       | |  1.0
Armour         | |  1.1
Dodging        | |  2.1
Spellcasting   | |  2.0
Translocations | |  2.4

Action                   || total
-------------------------++-------
Melee: Hand axe          ||    54
       Kick              ||    13
       Peck              ||    10
       Punch             ||     1
Throw: Boomerang         ||     7
  Use: Scroll            ||     2
Armor: Leather armour    ||     8
Dodge: Dodged            ||    25

Table legend:
 A = Non-vault XP
 B = Vault XP
 C = Vault XP percentage of total XP
 D = Non-vault monster count
 E = Vault monster count
 F = Vault count percentage of total count
                 A         B        C        D         E       F
            +---------+---------+-------+---------+---------+-------
      Total |      58 |       0 |   0.0 |      20 |       0 |   0.0
            +---------+---------+-------+---------+---------+-------
        D:1 |      27 |       0 |   0.0 |      16 |       0 |   0.0
        D:2 |      31 |       0 |   0.0 |       4 |       0 |   0.0
            +---------+---------+-------+---------+---------+-------
